 Dungeon Crawl Stone Soup version 0.19.5 (webtiles) character file.

116 uhmor the Caller (level 4, -1/34 HPs)
             Began as a Centaur Summoner on May 10, 2017.
             Was a Follower of Sif Muna.
             Killed by nerve-wracking pain
             ... invoked by Grinder
              (14 damage)
             ... on level 4 of the Dungeon.
             The game lasted 00:32:56 (2379 turns).

uhmor the Caller (Centaur Summoner)                 Turns: 2379, Time: 00:32:56

Health: -1/34      AC:  5    Str: 10    XL:     4   Next: 69%
Magic:  1/7        EV:  8    Int: 15    God:    Sif Muna [*.....]
Gold:   207        SH:  0    Dex: 10    Spells: 1 memorised, 6 levels left

rFire  . . .     SeeInvis .     h - +0 spear
rCold  . . .     Gourm    .     d - +0 ring mail
rNeg   . . .     Faith    .     (no shield)
rPois  .         Spirit   .     (no helmet)
rElec  .         Reflect  .     (no cloak)
rCorr  .         Harm     .     (no gloves)
MR     .....                    (no barding)
Stlth  ..........               (no amulet)
                                (no ring)
                                (no ring)

@: very slightly contaminated, divine energy, very quick
A: hooves 3, deformed body, speed 2, tough skin 3
a: Stop Divine Energy, Renounce Religion


You were on level 4 of the Dungeon.
You worshipped Sif Muna.
Sif Muna was aware of your devotion.
You were not hungry.

You visited 1 branch of the dungeon, and saw 4 of its levels.

You collected 207 gold pieces.

Inventory:

Hand Weapons
 h - a +0 spear (weapon)
 r - a +0 hand axe
 u - a +0 flail
 C - a +0 trident
Missiles
 k - 54 bolts
 l - 121 arrows
 m - 21 sling bullets
 p - 41 stones
 B - 8 javelins (quivered)
Armour
 a - a +0 robe
 d - a +0 ring mail (worn)
 i - a +0 plate armour
Jewellery
 x - an uncursed amulet of guardian spirit
Scrolls
 e - a scroll of amnesia {unknown}
 j - 5 scrolls of identify {unknown}
 q - 2 scrolls of magic mapping {unknown}
 y - a scroll of teleportation {unknown}
 A - a scroll of enchant armour {unknown}
Potions
 f - 2 potions of might {unknown}
 g - 2 potions of haste {unknown}
 o - a potion of curing {unknown}
 s - a potion of cancellation {unknown}
 w - a potion of magic {unknown}
Books
 b - a book of Callings

   Spells                             Type                      Level
   a - Summon Small Mammal            Summoning                    1
   b - Call Imp                       Summoning                    2
   c - Call Canine Familiar           Summoning                    3
   d - Summon Guardian Golem          Hexes/Summoning              3
   e - Summon Lightning Spire         Summoning/Air                4
   f - Summon Ice Beast               Ice/Summoning                4
Comestibles
 c - 4 bread rations
 n - 11 fruits
 t - a beef jerky
 v - 5 chunks of flesh
 z - a royal jelly


   Skills:
 + Level 0.4 Fighting
 * Level 1.5 Polearms
 * Level 1.1 Armour
 * Level 1.7 Dodging
 + Level 1.1 Stealth
 + Level 2.2 Spellcasting
 * Level 4.1 Summonings


You had 6 spell levels left.
You knew the following spells:

 Your Spells              Type           Power        Failure   Level  Hunger
a - Summon Small Mammal   Summ           ##..         12%         1    #......


Dungeon Overview and Level Annotations

Branches:
Dungeon (4/15)
 Temple: D:4-7

Altars:
Sif Muna

Annotations:
D:4 Grinder


Innate Abilities, Weirdness & Mutations

You have hooves in place of feet.
Armour fits poorly on your strangely shaped body.
You cover ground very quickly.
You have extremely tough skin. (AC +3)


Message History

Your bat's corpse disappears in a puff of smoke!
Your rat bites Grinder.
Attack whom?
Press: ? - help, Dir - move target cursor, f/p - Grinder
Aim: Grinder (moderately wounded)
You reach to attack!
You barely miss Grinder.
Grinder is moderately wounded.
Your bat closely misses Grinder.
Grinder gestures at you.
You suddenly lose the ability to move!
Your rat misses Grinder.
You regain access to your magic.
Your bat closely misses Grinder.
Grinder hits you!
Your rat barely misses Grinder.
Your rat bites Grinder but does no damage.
Grinder hits you.
You writhe in agony.
Your rat barely misses Grinder.
Your rat closely misses Grinder.
You can move again.
Grinder gestures at you. Pain shoots through your body!
You die...

######### ######.......#
.............#
.............####################
.............%.)rbĀ§...)).........
.............#######b..##########
.............# #...#.....####
.............#######...#.........
................@.5rrb...........
......[###############.#.........
.......# #.#......### .......#
#.#......# ######## #.#......###
#.#......... #.#.....####
#.#.....#<.. #.......##


You could see Grinder, a friendly bat and 2 friendly rats.

Vanquished Creatures
  A gnoll (D:3)
  An adder (D:2)
  2 worms
  A dart slug (D:1)
  4 leopard geckos
  4 orcs
  3 bats
  2 giant cockroaches (D:2)
  A goblin (D:1)
  2 hobgoblins
  4 jackals
  7 kobolds
  A ball python (D:2)
  4 rats
37 creatures vanquished.

Vanquished Creatures (collateral kills)
  A worker ant (D:4)
  2 gnolls (D:3)
  A worm (D:2)
  An orc (D:4)
  A ball python (D:1)
  2 giant cockroaches (D:1)
  A goblin (D:3)
  5 hobgoblins
  3 jackals (D:2)
  2 quokkas (D:2)
  A bat (D:3)
  5 frilled lizards
  2 rats (D:1)
27 creatures vanquished.

Grand Total: 64 creatures vanquished

Notes
Turn   | Place    | Note
-------+----------+-------------------------------------------
     0 | D:1      | uhmor the Centaur Summoner began the quest for the Orb.
     0 | D:1      | Reached XP level 1. HP: 14/14 MP: 3/3
   166 | D:1      | Reached XP level 2. HP: 12/20 MP: 0/4
   825 | D:2      | Reached XP level 3. HP: 26/26 MP: 1/5
   902 | D:2      | Reached skill level 1 in Polearms
   902 | D:2      | Reached skill level 4 in Summonings
  1007 | D:2      | Found a faded altar of an unknown god.
  1030 | D:2      | Became a worshipper of Sif Muna the Loreminder
  1030 | D:2      | Reached * piety under Sif Muna
  1619 | D:3      | Reached XP level 4. HP: 24/33 MP: 0/7
  1713 | D:3      | Reached skill level 1 in Armour
  2291 | D:4      | Noticed Grinder
  2352 | D:4      | Paralysed by Grinder for 4 turns
  2374 | D:4      | Paralysed by Grinder for 4 turns
  2379 | D:4      | Killed from afar by Grinder

Skill      XL: |  1  2  3  4 |
---------------+-------------+-----
Polearms       | 1 |  1.5
Summonings     | 4 |  4.1
Spellcasting   | 2 |  2.2
Armour         | 1 |  1.1
Fighting       | |  0.4
Dodging        | |  1.7
Stealth        | |  1.1

Action                   |  1- 3 |  4- 6 || total
-------------------------+-------+-------++-------
Melee: Unarmed           |    10 |       ||    10
       Spear             |    90 |    59 ||   149
       Kick              |     8 |     6 ||    14
       Trident           |       |     2 ||     2
 Cast: Summon Small Mamm |    56 |    29 ||    85
Invok: Divine Energy     |     1 |       ||     1
 Stab: Distracted        |       |     1 ||     1
  Eat: Chunk             |     2 |     3 ||     5
Armor: Ring mail         |    19 |    11 ||    30
Dodge: Dodged            |    19 |    13 ||    32
